cohdb
Replays
Latest Replays
All Replays
Popular Replays
Top Player Replays
Match Explorer
How It Works
Community
CoH3 Stats
Reddit
Sign in to upload your games and track your stats! →
Sign in with Steam
Match 39597431
Unlisted
Match 39597431
Overview
Messages
Build Orders
End
Pioneer Squad
Construct Infanterie Kompanie
Selects Terror Battlegroup
Selects Machine Gun Camouflage
Grenadier Squad
MG 42 Machine Gun Team
GrW 34 Mortar Team
Construct Luftwaffe Kompanie
Jäger Squad
Flak 30 Anti-aircraft Gun Team
Jäger Squad
Luftwaffe Officer Quarters
Support Elements
Selects Defend the Fatherland
Selects No Quarter
Medical Bunker
Wirbelwind Flakpanzer
Marder III M Tank Destroyer
Kettenkrad Recon Vehicle
Pioneer Squad
Pioneer Squad
Marder III M Tank Destroyer
MG 42 Machine Gun Team
Side Skirts
Medical Bunker
Selects King Tiger Heavy Tank
King Tiger Heavy Tank
Nuclear Viking
Delta0032
Cpt. Colter Stevens
Spectator
PartTime_RebeL
Marijuana
0
0
Comments
sign in to comment!
No comments posted yet!